 Dungeon Crawl Stone Soup version 0.29.1-15-g9cfb28693d (webtiles) character file.

Game seed: 9585383277777126397

55 ChiefBigBeans the Digger (level 3, -1/19 HPs)
             Began as a Gargoyle Earth Elementalist on Feb 24, 2023.
             Slain by a gnoll
             ... wielding a +0 flail
              (2 damage)
             ... on level 2 of the Dungeon.
             The game lasted 00:04:16 (1065 turns).

ChiefBigBeans the Digger (GrEE)                     Turns: 1065, Time: 00:04:17

Health: -1/19      AC:  8    Str: 13    XL:     3   Next: 93%
Magic:  4/6        EV: 10    Int: 15    God:
Gold:   59         SH:  0    Dex: 10    Spells: 5/6 levels left

rFire   . . .      SeeInvis .   d - +0 short sword
rCold   . . .      Faith    .   (no shield)
rNeg    + . .      Spirit   .   c - +0 ring mail
rPois   ∞          Reflect  .   (no helmet)
rElec   +          Harm     .   (no cloak)
rCorr   .          Rampage  .   (no gloves)
Will    .....                   (no boots)
Stlth   +.........              (no amulet)
HPRegen 0.06/turn               (no ring)
MPRegen 0.10/turn               (no ring)

@: no status effects
A: sickness immunity, AC +3, negative energy resistance 1, electricity
resistance, torment resistance 1, petrification resistance
a: no special abilities


You were on level 2 of the Dungeon.
You visited 1 branch of the dungeon, and saw 2 of its levels.

You collected 59 gold pieces.

Inventory:

Hand Weapons
 d - a +0 short sword (weapon)
Armour
 a - a +0 robe
 c - a +0 ring mail (worn)
Magical Staves
 f - a staff of death
Scrolls
 g - a scroll of noise {unknown}
 j - a scroll of summoning {unknown}
 k - 2 scrolls of teleportation {unknown}
 l - a scroll of amnesia {unknown}
 m - a scroll of brand weapon {unknown}
 n - 2 scrolls of identify {unknown}
 o - a scroll of fog {unknown}
Potions
 e - a potion of brilliance {unknown}
 h - a potion of heal wounds {unknown}
 i - a potion of ambrosia {unknown}
 p - 2 potions of curing {unknown}


   Skills:
 + Level 2.0 Dodging
 + Level 2.9 Stealth
 + Level 2.3 Spellcasting
 + Level 1.3 Transmutations
 + Level 4.1 Earth Magic


You had 5 spell levels left.
You knew the following spells:

 Your Spells              Type           Power      Damage    Failure   Level
a - Sandblast             Erth           28%        2d8       9%          1

Your spell library contained the following spells:

 Spells                   Type           Power      Damage    Failure   Level
 Passwall                 Tmut/Erth      8%         N/A       22%         2
 Stone Arrow              Conj/Erth      16%        3d8       52%         3
 Confusing Touch          Hex            1%         N/A       80%         3
 Petrify                  Tmut/Erth      10%        N/A       83%         4
 Yara's Violent Unravell  Hex/Tmut       1%         3d3       100%        5
 Enfeeble                 Hex            0%         N/A       100%        7


Dungeon Overview and Level Annotations

Branches:
Dungeon (2/15)

Altars:


Innate Abilities, Weirdness & Mutations

You are immune to sickness and miasma.
Your stone body is resilient. (AC +3)
You are immune to poison.
You resist negative energy. (rN+)
You are resistant to electric shocks. (rElec)
You are resistant to unholy torment.
You are immune to petrification.


Message History

The blast of sand hits the gnoll!
You kill the gnoll!
You miscast Sandblast.
You are very lightly contaminated with residual magic.
Nothing appears to happen.
The gnoll barely misses you.
The blast of sand hits the gnoll!
The gnoll is heavily wounded.
The gnoll hits you but does no damage. x2
You hit the gnoll.
The gnoll is severely wounded.
The gnoll hits you with a +0 flail. The gnoll hits you with a +0 flail!
You are too injured to fight recklessly!
You are too injured to fight recklessly!
You are too injured to fight recklessly!
You are too injured to fight recklessly!
You are too injured to fight recklessly!
The gnoll hits you with a +0 flail. The gnoll attacks as you move away!
The gnoll hits you with a +0 flail.
* * * LOW HITPOINT WARNING * * *
You hit the gnoll.
The gnoll is severely wounded.
The gnoll hits you but does no damage. Magic courses through your body.
The gnoll hits you but does no damage.
Your magical contamination has completely faded away.
You are too injured to fight recklessly!
Aiming: Sandblast (safe; 9% risk of failure)
Press: ? - help, Q - select action Shift-Dir - straight line, f/p - gnoll
Aim: a gnoll, wielding a +0 flail (severely wounded, 84% to hit)
The blast of sand misses the gnoll.
The blast of sand hits the gnoll.
The gnoll is heavily wounded.
The gnoll hits you with a +0 flail.
* * * LOW HITPOINT WARNING * * *
The gnoll hits you but does no damage.
Aiming: Sandblast (safe; 9% risk of failure)
Press: ? - help, Q - select action Shift-Dir - straight line, f/p - gnoll
Aim: a gnoll, wielding a +0 flail (severely wounded, 84% to hit)
The blast of sand hits the gnoll.
The gnoll is severely wounded.
The gnoll hits you with a +0 flail.
You die...

#...####..###...#........#
#.........†.........<#####
#...##########.#######
#...# #.# ##.## ### #.#
#### ... .. #.# #.. #.##.#
#.# #.#.#.##.###.#
#..###@gg..<.#
#.#.#.##)##.....
#)##.###.# $.. .. ### #..
# .## #### .. .# #.


You could see 2 gnolls.

Vanquished Creatures
  A gnoll (D:2)
  An adder (D:2)
  A dart slug (D:1)
  2 bats (D:1)
  2 endoplasms (D:1)
  8 goblins
  4 hobgoblins
  5 ball pythons
  A frilled lizard (D:2)
  2 kobolds (D:1)
  7 rats
34 creatures vanquished.

Notes
Turn   | Place    | Note
-------+----------+-------------------------------------------
     0 | D:1      | ChiefBigBeans the Gargoyle Earth Elementalist began the
                  | quest for the Orb.
     0 | D:1      | Reached XP level 1. HP: 10/10 MP: 3/3
     2 | D:1      | Noticed a troll
     4 | D:1      | Noticed a minotaur
     4 | D:1      | Noticed a ghoul
     6 | D:1      | Noticed a meteoran
     6 | D:1      | Noticed a tengu
     8 | D:1      | Noticed a naga
     8 | D:1      | Noticed an octopode
    21 | D:1      | Noticed a vine stalker
    21 | D:1      | Noticed a human
    23 | D:1      | Noticed a formicid
    23 | D:1      | Noticed an ogre
    25 | D:1      | Noticed a vampire
    25 | D:1      | Noticed an elf
    27 | D:1      | Noticed a felid
    27 | D:1      | Noticed a demonspawn
    29 | D:1      | Noticed a merfolk
    29 | D:1      | Noticed a demigod
    31 | D:1      | Noticed a gargoyle
    33 | D:1      | Noticed a palentonga
    35 | D:1      | Noticed a vampire
    35 | D:1      | Noticed a spriggan
    37 | D:1      | Noticed a palentonga
    37 | D:1      | Noticed an ogre
   189 | D:1      | Reached skill level 1 in Transmutations
   189 | D:1      | Reached XP level 2. HP: 13/15 MP: 1/5
   418 | D:1      | You fall into a shaft and drop 1 floor!
   559 | D:2      | Reached skill level 4 in Earth Magic
   559 | D:2      | Reached XP level 3. HP: 16/19 MP: 2/6
  1065 | D:2      | Slain by a gnoll

Illustrated notes

Levels and vault maps discovered:
D:1:      kb_arrival_jail, layout_rooms, minivault_14, feat_on_display
D:2:      layout_loops_cross, minmay_crystal_room

Skill      XL: |  1  2  3 |
---------------+----------+-----
Transmutations | 1 |  1.3
Earth Magic    | 4 |  4.1
Dodging        | 2 |  2.0
Stealth        | |  2.9
Spellcasting   | |  2.3

Action                   || total
-------------------------++-------
Melee: Unarmed           ||     4
       Short sword       ||    24
 Cast: Sandblast         ||    43
  Use: Potion            ||     1
Armor: Ring mail         ||    22
Dodge: Dodged            ||    25
